Tucson Roadrunners vs Edmonton Oil Kings
Created - Tuesday, June 13, 2023 at 07:01
Goals
|
| Tucson Roadrunners |
0 |
0 |
1 |
1 |
| Edmonton Oil Kings |
2 |
0 |
2 |
4 |
|
Shots
|
| Tucson Roadrunners |
9 |
7 |
9 |
25 |
| Edmonton Oil Kings |
14 |
18 |
6 |
38 |
|
1st period
1. Edmonton Oil Kings , Dawson Mercer 49 (Dillon Dube 35, Ryan McLeod 55) at 1:12 (PP)
2. Edmonton Oil Kings , Dawson Mercer 50 (Filip Zadina 38, Gabriel Carlsson 17) at 5:28
Penalties :
Nicolas Meloche (TRR) for Tripping (Minor) at 1:02, Mark Pysyk (EOK) for High sticking (Minor) at 9:50
2nd period
No Goal
Penalties :
Johnathan Kovacevic (TRR) for Tripping (Minor) at 3:43, Carson Soucy (TRR) for Holding Stick (Minor) at 12:42
3rd period
3. Edmonton Oil Kings , Filip Zadina 39 (Brett Kulak 30, Dawson Mercer 82) at 7:55
4. Edmonton Oil Kings , Dillon Dube 38 (Noah Gregor 45, Dylan Holloway 11) at 9:12
5. Tucson Roadrunners , Matthew Highmore 14 (Scott Reedy 37) at 15:25
Penalties :
Robert Hagg (TRR) for Slashing (Minor) at 0:11, Michal Kempny (TRR) for Tripping (Minor) at 18:28
Goalie Stats
Martin Jones (TRR), 34 saves from 38 shots - (0.895), L, 26-19-6, 60:00 minutes
Karel Vejmelka (EOK), 24 saves from 25 shots - (0.960), W, 26-9-2, 60:00 minutes
Players Stats for Tucson Roadrunners
Player Name G A P +/- PIM S H SB GA TA FO MP PP MP PK MP
------------------------------------------------------------------------------------
Andre Lee 0 0 0 0 0 0 3 0 0 0 0/1 6:32 0:00 0:09
Ben Jones 0 0 0 -1 0 3 3 0 2 0 1/1 17:27 0:00 0:00
Carson Soucy 0 0 0 -1 2 1 4 2 1 2 0/0 23:46 0:48 2:41
Gage Goncalves 0 0 0 0 0 0 0 0 0 0 0/0 0:54 0:01 0:00
Johnathan Kovacevic 0 0 0 -1 2 0 0 0 1 1 0/0 15:15 0:00 2:06
Justin Danforth 0 0 0 -1 0 1 2 0 0 0 13/21 19:19 0:59 3:18
Lukas Rousek 0 0 0 -1 0 1 2 0 0 0 0/0 13:28 0:00 0:00
Marian Studenic 0 0 0 0 0 2 1 1 0 0 0/0 16:25 0:55 0:00
Matthew Highmore 1 0 1 0 0 3 0 0 1 0 0/1 19:33 0:55 3:18
Matthew Nieto 0 0 0 -1 0 2 1 1 0 2 0/4 23:01 0:57 4:11
Michal Kempny 0 0 0 0 2 0 2 2 0 1 0/0 21:15 1:11 3:06
Mikhail Maltsev 0 0 0 -1 0 1 0 0 0 1 3/5 13:40 0:00 0:09
Nicolas Meloche 0 0 0 0 2 1 3 0 0 0 0/0 22:09 1:11 3:52
Owen Sillinger 0 0 0 0 0 0 0 0 0 0 0/0 5:22 0:12 0:00
Robert Hagg 0 0 0 -1 2 1 2 3 0 1 0/0 23:29 0:48 2:52
Rocco Grimaldi 0 0 0 -1 0 3 1 1 0 0 0/0 20:10 1:03 4:11
Scott Reedy 0 1 1 0 0 5 2 0 0 1 4/11 16:25 0:55 0:00
Simon Benoit 0 0 0 -1 0 1 2 0 0 0 0/0 14:07 0:00 0:39
Players Stats for Edmonton Oil Kings
Player Name G A P +/- PIM S H SB GA TA FO MP PP MP PK MP
------------------------------------------------------------------------------------
Brett Kulak 0 1 1 2 0 1 0 2 1 0 0/0 21:19 4:04 0:43
Connor McMichael 0 0 0 0 0 5 0 1 1 0 1/1 11:08 0:00 0:00
Dawson Mercer 2 1 3 2 0 7 1 0 2 0 2/4 19:24 4:03 0:56
Dillon Dube 1 1 2 0 0 3 1 0 3 0 0/0 17:21 4:03 0:07
Dylan Holloway 0 1 1 0 0 1 2 0 0 0 6/14 16:51 3:29 0:00
Filip Zadina 1 1 2 2 0 3 0 0 1 0 0/0 17:36 3:35 0:00
Gabriel Carlsson 0 1 1 1 0 3 2 2 0 0 0/0 17:57 0:00 0:53
Jack Johnson 0 0 0 1 0 3 0 1 0 1 0/0 18:25 0:00 1:06
Joey Anderson 0 0 0 0 0 0 1 1 0 0 0/0 16:23 4:04 0:00
Josh Mahura 0 0 0 -1 0 0 1 0 0 0 0/0 17:26 0:00 1:16
Kale Clague 0 0 0 2 0 4 1 0 0 0 0/0 19:35 3:34 0:00
Mackenzie Entwistle 0 0 0 0 0 2 5 1 0 0 0/1 12:12 0:06 0:56
Mark Pysyk 0 0 0 -1 2 1 1 0 0 2 0/0 20:20 3:34 0:00
Morgan Barron 0 0 0 0 0 2 1 0 1 0 0/1 12:10 0:00 0:07
Nikita Alexandrov 0 0 0 0 0 1 0 1 0 0 2/3 11:08 0:00 0:00
Noah Gregor 0 1 1 0 0 2 0 0 0 0 0/0 17:55 3:35 0:56
Ryan McLeod 0 1 1 2 0 0 0 1 0 1 12/18 18:47 4:03 0:56
Tyler Angle 0 0 0 0 0 0 0 0 0 1 0/2 12:03 0:00 0:00
3 Stars
1 - Dawson Mercer (EOK)
2 - Filip Zadina (EOK)
3 - Dillon Dube (EOK)
Power Play
Tucson Roadrunners - 0 on 1 Attempt(s) - 0.00%
Edmonton Oil Kings - 1 on 5 Attempt(s) - 20.00%
Penalty Kill
Tucson Roadrunners - 4 on 5 Attempt(s) - 80.00%
- Score 0 goal in Penalty Kill
Edmonton Oil Kings - 1 on 1 Attempt(s) - 100.00%
- Score 0 goal in Penalty Kill
Team Stat
Tucson Roadrunners - Hits : 28 - Faceoff Wins : 21 - Blocked Shots : 10 - Penalty Minutes : 10
Edmonton Oil Kings - Hits : 16 - Faceoff Wins : 23 - Blocked Shots : 10 - Penalty Minutes : 2
Official
Referees : Tom Chmielewski and Jacob Brenk
Linesman : Scott Cherrey and Thor Nelson
Game Notes
No Game Note
Tucson Roadrunners
5 vs 5 Forward
Center Left Wing Right Wing Time % Phy DF OF
1 Justin Danforth Matthew Nieto Rocco Grimaldi 30 1 2 2
2 Scott Reedy Matthew Highmore Marian Studenic 30 1 2 2
3 Mikhail Maltsev Lukas Rousek Ben Jones 25 1 2 2
4 Ben Jones Andre Lee Matthew Nieto 15 1 2 2
5 vs 5 Defense
Defense Defense Time % Phy DF OF
1 Carson Soucy Robert Hagg 30 1 2 2
2 Nicolas Meloche Michal Kempny 30 1 2 2
3 Simon Benoit Johnathan Kovacevic 25 1 2 2
4 Carson Soucy Robert Hagg 15 1 2 2
PowerPlay Forward
Center Left Wing Right Wing Time % Phy DF OF
1 Justin Danforth Matthew Nieto Rocco Grimaldi 50 1 2 2
2 Scott Reedy Matthew Highmore Marian Studenic 50 1 2 2
PowerPlay Defense
Defense Defense Time % Phy DF OF
1 Carson Soucy Robert Hagg 50 1 2 2
2 Nicolas Meloche Michal Kempny 50 1 2 2
Penalty Kill 4 Players Forward
Center Wing Time % Phy DF OF
1 Matthew Nieto Rocco Grimaldi 50 1 2 2
2 Justin Danforth Matthew Highmore 50 1 2 2
Penalty Kill 4 Players Defense
Defense Defense Time % Phy DF OF
1 Carson Soucy Robert Hagg 50 1 2 2
2 Nicolas Meloche Michal Kempny 50 1 2 2
Penalty Kill - 3 Players Forward
Forward Time % Phy DF OF
1 Matthew Nieto 50 1 2 2
2 Rocco Grimaldi 50 1 2 2
Penalty Kill - 3 Players Defense
Defense Defense Time % Phy DF OF
1 Carson Soucy Robert Hagg 50 1 2 2
2 Nicolas Meloche Michal Kempny 50 1 2 2
4 vs 4 Forward
Center Wing Time % Phy DF OF
1 Matthew Nieto Rocco Grimaldi 50 1 2 2
2 Justin Danforth Matthew Highmore 50 1 2 2
4 vs 4 Defense
Defense Defense Time % Phy DF OF
1 Carson Soucy Robert Hagg 50 1 2 2
2 Nicolas Meloche Michal Kempny 50 1 2 2
Last Minutes Offensive
Center Left Wing Right Wing Defense Defense
Justin Danforth Matthew Nieto Rocco Grimaldi Carson Soucy Robert Hagg
Last Minutes Defensive
Center Left Wing Right Wing Defense Defense
Justin Danforth Matthew Nieto Rocco Grimaldi Carson Soucy Robert Hagg
Goaltenders
Starting : Martin Jones
Backup : Jaroslav Halak
Extra Forwards
Normal : Owen Sillinger, Gage Goncalves, Mikhail Maltsev - PP : Owen Sillinger, Gage Goncalves - PK : Mikhail Maltsev
Extra Defensemen
Normal : Simon Benoit, Johnathan Kovacevic, Nicolas Meloche - PP : Simon Benoit - PK : Johnathan Kovacevic, Nicolas Meloche
Penalty Shots
Matthew Nieto, Rocco Grimaldi, Justin Danforth, Matthew Highmore, Scott Reedy
Edmonton Oil Kings
5 vs 5 Forward
Center Left Wing Right Wing Time % Phy DF OF
1 Ryan McLeod Filip Zadina Dawson Mercer 30 0 2 3
2 Dylan Holloway Noah Gregor Dillon Dube 30 0 2 3
3 Tyler Angle Morgan Barron Joey Anderson 25 1 2 2
4 Nikita Alexandrov Connor McMichael Mackenzie Entwistle 15 1 2 2
5 vs 5 Defense
Defense Defense Time % Phy DF OF
1 Jack Johnson Gabriel Carlsson 34 1 4 0
2 Brett Kulak Kale Clague 33 1 3 1
3 Mark Pysyk Josh Mahura 33 1 3 1
4 Jack Johnson Brett Kulak 0 1 4 0
PowerPlay Forward
Center Left Wing Right Wing Time % Phy DF OF
1 Ryan McLeod Dillon Dube Dawson Mercer 55 0 0 5
2 Dylan Holloway Noah Gregor Filip Zadina 45 0 0 5
PowerPlay Defense
Defense Defense Time % Phy DF OF
1 Brett Kulak Joey Anderson 50 0 1 4
2 Kale Clague Mark Pysyk 50 0 1 4
Penalty Kill 4 Players Forward
Center Wing Time % Phy DF OF
1 Ryan McLeod Mackenzie Entwistle 50 1 4 0
2 Dawson Mercer Noah Gregor 50 1 4 0
Penalty Kill 4 Players Defense
Defense Defense Time % Phy DF OF
1 Jack Johnson Brett Kulak 50 1 4 0
2 Mark Pysyk Josh Mahura 50 1 4 0
Penalty Kill - 3 Players Forward
Forward Time % Phy DF OF
1 Ryan McLeod 50 1 4 0
2 Mackenzie Entwistle 50 1 4 0
Penalty Kill - 3 Players Defense
Defense Defense Time % Phy DF OF
1 Jack Johnson Brett Kulak 50 1 4 0
2 Mark Pysyk Josh Mahura 50 1 4 0
4 vs 4 Forward
Center Wing Time % Phy DF OF
1 Ryan McLeod Dawson Mercer 50 0 1 4
2 Dillon Dube Filip Zadina 50 0 1 4
4 vs 4 Defense
Defense Defense Time % Phy DF OF
1 Brett Kulak Mark Pysyk 50 1 3 1
2 Jack Johnson Gabriel Carlsson 50 1 4 0
Last Minutes Offensive
Center Left Wing Right Wing Defense Defense
Ryan McLeod Dillon Dube Dawson Mercer Jack Johnson Brett Kulak
Last Minutes Defensive
Center Left Wing Right Wing Defense Defense
Ryan McLeod Noah Gregor Mackenzie Entwistle Jack Johnson Mark Pysyk
Goaltenders
Starting : Karel Vejmelka
Backup : Adam Huska
Extra Forwards
Normal : Dillon Dube, Dawson Mercer, Filip Zadina - PP : Mackenzie Entwistle, Nikita Alexandrov - PK : Noah Gregor
Extra Defensemen
Normal : Brett Kulak, Mark Pysyk, Jack Johnson - PP : Gabriel Carlsson - PK : Mark Pysyk, Jack Johnson
Penalty Shots
Dillon Dube, Dawson Mercer, Joey Anderson, Filip Zadina, Morgan Barron
% Time on Ice - Tucson Roadrunners
Lines # - Real PCT - Wanted PCT - Time Play
Normal Forward
1 - 30% - 30% - 14:59
2 - 31% - 30% - 15:36
3 - 27% - 25% - 13:28
4 - 13% - 15% - 6:20
Normal Defense
1 - 28% - 30% - 14:20
2 - 33% - 30% - 16:25
3 - 26% - 25% - 13:10
4 - 13% - 15% - 6:28
PP Forward
1 - 54% - 50% - 1:04
2 - 46% - 50% - 0:55
PP Defense
1 - 40% - 50% - 0:48
2 - 60% - 50% - 1:11
PK Forward
1 - 55% - 50% - 4:11
2 - 45% - 50% - 3:27
PK Defense
1 - 49% - 50% - 3:46
2 - 51% - 50% - 3:52
PK3 Forward
1 - 0% - 50%
2 - 0% - 50%
PK3 Defense
1 - 0% - 50%
2 - 0% - 50%
44 Forward
1 - 0% - 50%
2 - 0% - 50%
44 Defense
1 - 0% - 50%
2 - 0% - 50%
Last Minute Offensive - 0:00
Last Minute Defensive - 0:00
Total
Forward - 60:00
Defense - 60:00
|
% Time on Ice - Edmonton Oil Kings
Lines # - Real PCT - Wanted PCT - Time Play
Normal Forward
1 - 27% - 30% - 13:48
2 - 27% - 30% - 13:24
3 - 24% - 25% - 12:03
4 - 22% - 15% - 11:08
Normal Defense
1 - 36% - 34% - 17:57
2 - 32% - 33% - 16:01
3 - 33% - 33% - 16:25
4 - 0% - 0% - 0:00
PP Forward
1 - 53% - 55% - 4:03
2 - 47% - 45% - 3:35
PP Defense
1 - 53% - 50% - 4:04
2 - 47% - 50% - 3:34
PK Forward
1 - 53% - 50% - 1:03
2 - 47% - 50% - 0:56
PK Defense
1 - 28% - 50% - 0:33
2 - 72% - 50% - 1:26
PK3 Forward
1 - 0% - 50%
2 - 0% - 50%
PK3 Defense
1 - 0% - 50%
2 - 0% - 50%
44 Forward
1 - 0% - 50%
2 - 0% - 50%
44 Defense
1 - 0% - 50%
2 - 0% - 50%
Last Minute Offensive - 0:00
Last Minute Defensive - 0:00
Total
Forward - 60:00
Defense - 60:00
|
Play-by-Play
1st period
0:01 of 1st period - Justin Danforth wins face-off versus Ryan McLeod in neutral zone.
0:36 of 1st period - Snap shot by Scott Reedy.
0:36 of 1st period - Stopped by Karel Vejmelka with a rebound.
0:52 of 1st period - Snap shot by Joey Anderson.
0:52 of 1st period - Shot Misses the Net.
1:02 of 1st period - Minor Penalty to Nicolas Meloche for Tripping.
1:03 of 1st period - Ryan McLeod wins face-off versus Matthew Nieto in Tucson Roadrunners zone.
1:12 of 1st period - Wrist shot by Dawson Mercer.
1:12 of 1st period - Goal by Dawson Mercer - Tucson Roadrunners : 0 - Edmonton Oil Kings : 1.
1:13 of 1st period - Connor McMichael wins face-off versus Andre Lee in neutral zone.
1:22 of 1st period - Wrist shot by Matthew Nieto.
1:22 of 1st period - Stopped by Karel Vejmelka without a rebound.
1:23 of 1st period - Ben Jones wins face-off versus Mackenzie Entwistle in Edmonton Oil Kings zone.
1:26 of 1st period - Slapshot by Ben Jones.
1:26 of 1st period - Shot Blocked by Mackenzie Entwistle.
1:44 of 1st period - Snap shot by Connor McMichael.
1:44 of 1st period - Stopped by Martin Jones with a rebound.
1:51 of 1st period - Off-side.
1:52 of 1st period - Ryan McLeod wins face-off versus Scott Reedy in neutral zone.
2:02 of 1st period - Snap shot by Scott Reedy.
2:02 of 1st period - Stopped by Karel Vejmelka without a rebound.
2:03 of 1st period - Justin Danforth wins face-off versus Dylan Holloway in Edmonton Oil Kings zone.
2:12 of 1st period - Snap shot by Noah Gregor.
2:12 of 1st period - Shot Misses the Net.
2:14 of 1st period - Slapshot by Brett Kulak.
2:14 of 1st period - Stopped by Martin Jones with a rebound.
2:16 of 1st period - Snap shot by Noah Gregor.
2:16 of 1st period - Shot Misses the Net.
2:18 of 1st period - Wrist shot by Noah Gregor.
2:18 of 1st period - Stopped by Martin Jones without a rebound.
2:19 of 1st period - Mikhail Maltsev wins face-off versus Tyler Angle in Tucson Roadrunners zone.
3:18 of 1st period - Slapshot by Dillon Dube.
3:18 of 1st period - Shot Blocked by Michal Kempny.
4:12 of 1st period - Wrist shot by Filip Zadina.
4:12 of 1st period - Stopped by Martin Jones without a rebound.
4:13 of 1st period - Ryan McLeod wins face-off versus Justin Danforth in Tucson Roadrunners zone.
4:26 of 1st period - Snap shot by Dawson Mercer.
4:26 of 1st period - Stopped by Martin Jones with a rebound.
4:38 of 1st period - Snap shot by Dawson Mercer.
4:38 of 1st period - Shot Misses the Net.
5:24 of 1st period - Snap shot by Dawson Mercer.
5:24 of 1st period - Stopped by Martin Jones with a rebound.
5:26 of 1st period - Snap shot by Filip Zadina.
5:26 of 1st period - Shot Misses the Net.
5:28 of 1st period - Slapshot by Dawson Mercer.
5:28 of 1st period - Goal by Dawson Mercer - Tucson Roadrunners : 0 - Edmonton Oil Kings : 2.
5:29 of 1st period - Scott Reedy wins face-off versus Dylan Holloway in neutral zone.
5:40 of 1st period - Snap shot by Scott Reedy.
5:40 of 1st period - Stopped by Karel Vejmelka with a rebound.
7:05 of 1st period - Slapshot by Dawson Mercer.
7:05 of 1st period - Shot Misses the Net.
7:17 of 1st period - Rocco Grimaldi is hit by Mackenzie Entwistle.
9:10 of 1st period - Slapshot by Dillon Dube.
9:10 of 1st period - Shot Blocked by Robert Hagg.
9:12 of 1st period - Slapshot by Kale Clague.
9:12 of 1st period - Stopped by Martin Jones with a rebound.
9:50 of 1st period - Minor Penalty to Mark Pysyk for High sticking.
9:51 of 1st period - Ryan McLeod wins face-off versus Matthew Nieto in Edmonton Oil Kings zone.
10:19 of 1st period - Mackenzie Entwistle is hit by Carson Soucy and loses puck.
11:50 of 1st period - Penalty to Mark Pysyk is over, Mark Pysyk is back on ice.
12:02 of 1st period - Morgan Barron is hit by Ben Jones.
12:06 of 1st period - Johnathan Kovacevic is hit by Morgan Barron and loses puck.
12:50 of 1st period - Mark Pysyk is hit by Andre Lee and loses puck.
13:11 of 1st period - Rocco Grimaldi is hit by Gabriel Carlsson and loses puck.
13:25 of 1st period - Icing by Ryan McLeod.
13:26 of 1st period - Mikhail Maltsev wins face-off versus Ryan McLeod in Edmonton Oil Kings zone.
13:27 of 1st period - Snap shot by Ben Jones.
13:27 of 1st period - Stopped by Karel Vejmelka with a rebound.
13:29 of 1st period - Slapshot by Michal Kempny.
13:29 of 1st period - Shot Misses the Net.
14:01 of 1st period - Backhand shot by Marian Studenic.
14:01 of 1st period - Stopped by Karel Vejmelka with a rebound.
14:29 of 1st period - Backhand shot by Dawson Mercer.
14:29 of 1st period - Shot Misses the Net.
14:31 of 1st period - Snap shot by Nikita Alexandrov.
14:31 of 1st period - Stopped by Martin Jones without a rebound.
14:32 of 1st period - Nikita Alexandrov wins face-off versus Scott Reedy in Tucson Roadrunners zone.
15:38 of 1st period - Wrist shot by Dawson Mercer.
15:38 of 1st period - Stopped by Martin Jones with a rebound.
15:40 of 1st period - Slapshot by Jack Johnson.
15:40 of 1st period - Deflect By Marian Studenic.
15:40 of 1st period - Stopped by Martin Jones with a rebound.
15:42 of 1st period - Snap shot by Dawson Mercer.
15:42 of 1st period - Shot Misses the Net.
16:07 of 1st period - Slapshot by Scott Reedy.
16:07 of 1st period - Stopped by Karel Vejmelka with a rebound.
16:09 of 1st period - Backhand shot by Robert Hagg.
16:09 of 1st period - Shot Misses the Net.
16:11 of 1st period - Slapshot by Robert Hagg.
16:11 of 1st period - Stopped by Karel Vejmelka with a rebound.
16:13 of 1st period - Wrist shot by Scott Reedy.
16:13 of 1st period - Deflect By Matthew Highmore.
16:13 of 1st period - Stopped by Karel Vejmelka with a rebound.
16:34 of 1st period - Slapshot by Morgan Barron.
16:34 of 1st period - Shot Blocked by Marian Studenic.
16:52 of 1st period - Snap shot by Morgan Barron.
16:52 of 1st period - Stopped by Martin Jones with a rebound.
16:54 of 1st period - Slapshot by Jack Johnson.
16:54 of 1st period - Stopped by Martin Jones without a rebound.
16:55 of 1st period - Dylan Holloway wins face-off versus Justin Danforth in Tucson Roadrunners zone.
16:59 of 1st period - Wrist shot by Dillon Dube.
16:59 of 1st period - Shot Misses the Net.
17:01 of 1st period - Slapshot by Dillon Dube.
17:01 of 1st period - Shot Blocked by Robert Hagg.
17:03 of 1st period - Slapshot by Kale Clague.
17:03 of 1st period - Shot Misses the Net.
17:21 of 1st period - Filip Zadina is hit by Ben Jones and loses puck.
18:42 of 1st period - Matthew Nieto is hit by Mackenzie Entwistle and loses puck.
19:16 of 1st period - Icing by Mikhail Maltsev.
19:17 of 1st period - Dylan Holloway wins face-off versus Mikhail Maltsev in Tucson Roadrunners zone.
19:18 of 1st period - Slapshot by Dillon Dube.
19:18 of 1st period - Shot Blocked by Carson Soucy.
19:30 of 1st period - Noah Gregor is hit by Lukas Rousek and loses puck.
Goals for this period are 0 for Tucson Roadrunners vs 2 for Edmonton Oil Kings.
Shots for this period are 9 for Tucson Roadrunners vs 14 for Edmonton Oil Kings.
2nd period
0:01 of 2nd period - Justin Danforth wins face-off versus Dylan Holloway in neutral zone.
0:08 of 2nd period - Wrist shot by Matthew Nieto.
0:08 of 2nd period - Shot Misses the Net.
0:27 of 2nd period - Robert Hagg is hit by Dawson Mercer and loses puck.
0:34 of 2nd period - Wrist shot by Dawson Mercer.
0:34 of 2nd period - Stopped by Martin Jones with a rebound.
0:36 of 2nd period - Slapshot by Kale Clague.
0:36 of 2nd period - Deflect By Marian Studenic.
0:36 of 2nd period - Stopped by Martin Jones with a rebound.
0:52 of 2nd period - Snap shot by Ben Jones.
0:52 of 2nd period - Stopped by Karel Vejmelka with a rebound.
1:19 of 2nd period - Noah Gregor is hit by Rocco Grimaldi and loses puck.
1:43 of 2nd period - Ryan McLeod is hit by Scott Reedy and loses puck.
1:58 of 2nd period - Ben Jones is hit by Mark Pysyk and loses puck.
3:10 of 2nd period - Wrist shot by Connor McMichael.
3:10 of 2nd period - Stopped by Martin Jones with a rebound.
3:24 of 2nd period - Snap shot by Filip Zadina.
3:24 of 2nd period - Shot Blocked by Robert Hagg.
3:30 of 2nd period - Slapshot by Dawson Mercer.
3:30 of 2nd period - Stopped by Martin Jones without a rebound.
3:31 of 2nd period - Dylan Holloway wins face-off versus Mikhail Maltsev in Tucson Roadrunners zone.
3:43 of 2nd period - Minor Penalty to Johnathan Kovacevic for Tripping.
3:44 of 2nd period - Ryan McLeod wins face-off versus Justin Danforth in Tucson Roadrunners zone.
4:12 of 2nd period - Snap shot by Justin Danforth.
4:12 of 2nd period - Deflect By Matthew Highmore.
4:12 of 2nd period - Shot Misses the Net.
4:12 of 2nd period - Puck is out of play.
4:13 of 2nd period - Dylan Holloway wins face-off versus Justin Danforth in Edmonton Oil Kings zone.
4:34 of 2nd period - Wrist shot by Matthew Nieto.
4:34 of 2nd period - Stopped by Karel Vejmelka with a rebound.
4:36 of 2nd period - Slapshot by Carson Soucy.
4:36 of 2nd period - Stopped by Karel Vejmelka without a rebound.
4:37 of 2nd period - Justin Danforth wins face-off versus Ryan McLeod in Edmonton Oil Kings zone.
4:43 of 2nd period - Off-side.
4:44 of 2nd period - Justin Danforth wins face-off versus Dawson Mercer in neutral zone.
5:43 of 2nd period - Penalty to Johnathan Kovacevic is over, Johnathan Kovacevic is back on ice.
6:00 of 2nd period - Wrist shot by Mark Pysyk.
6:00 of 2nd period - Stopped by Martin Jones with a rebound.
6:02 of 2nd period - Slapshot by Mark Pysyk.
6:02 of 2nd period - Shot Blocked by Carson Soucy.
6:04 of 2nd period - Snap shot by Connor McMichael.
6:04 of 2nd period - Stopped by Martin Jones without a rebound.
6:05 of 2nd period - Scott Reedy wins face-off versus Tyler Angle in Tucson Roadrunners zone.
6:18 of 2nd period - Snap shot by Tyler Angle.
6:18 of 2nd period - Deflect By Joey Anderson.
6:18 of 2nd period - Shot Misses the Net.
6:18 of 2nd period - Puck is out of play.
6:19 of 2nd period - Justin Danforth wins face-off versus Dylan Holloway in Tucson Roadrunners zone.
6:24 of 2nd period - Snap shot by Dillon Dube.
6:24 of 2nd period - Shot Misses the Net.
6:26 of 2nd period - Slapshot by Gabriel Carlsson.
6:26 of 2nd period - Stopped by Martin Jones with a rebound.
6:28 of 2nd period - Wrist shot by Gabriel Carlsson.
6:28 of 2nd period - Stopped by Martin Jones with a rebound.
6:30 of 2nd period - Wrist shot by Dylan Holloway.
6:30 of 2nd period - Stopped by Martin Jones with a rebound.
6:32 of 2nd period - Slapshot by Jack Johnson.
6:32 of 2nd period - Stopped by Martin Jones with a rebound.
6:34 of 2nd period - Wrist shot by Gabriel Carlsson.
6:34 of 2nd period - Shot Blocked by Rocco Grimaldi.
6:44 of 2nd period - Dawson Mercer is hit by Nicolas Meloche and loses puck.
7:25 of 2nd period - Snap shot by Marian Studenic.
7:25 of 2nd period - Shot Blocked by Nikita Alexandrov.
7:27 of 2nd period - Wrist shot by Marian Studenic.
7:27 of 2nd period - Stopped by Karel Vejmelka with a rebound.
7:39 of 2nd period - Snap shot by Dillon Dube.
7:39 of 2nd period - Stopped by Martin Jones with a rebound.
7:41 of 2nd period - Slapshot by Kale Clague.
7:41 of 2nd period - Shot Misses the Net.
7:43 of 2nd period - Snap shot by Dylan Holloway.
7:43 of 2nd period - Shot Misses the Net.
7:45 of 2nd period - Slapshot by Kale Clague.
7:45 of 2nd period - Stopped by Martin Jones with a rebound.
8:15 of 2nd period - Slapshot by Matthew Highmore.
8:15 of 2nd period - Deflect By Scott Reedy.
8:15 of 2nd period - Stopped by Karel Vejmelka with a rebound.
8:29 of 2nd period - Josh Mahura is hit by Andre Lee and loses puck.
8:50 of 2nd period - Gabriel Carlsson is hit by Carson Soucy.
9:10 of 2nd period - Snap shot by Mackenzie Entwistle.
9:10 of 2nd period - Stopped by Martin Jones without a rebound.
9:11 of 2nd period - Nikita Alexandrov wins face-off versus Justin Danforth in Tucson Roadrunners zone.
9:26 of 2nd period - Brett Kulak is hit by Michal Kempny and loses puck.
9:37 of 2nd period - Snap shot by Connor McMichael.
9:37 of 2nd period - Shot Misses the Net.
9:39 of 2nd period - Wrist shot by Mackenzie Entwistle.
9:39 of 2nd period - Shot Misses the Net.
9:41 of 2nd period - Snap shot by Connor McMichael.
9:41 of 2nd period - Stopped by Martin Jones with a rebound.
9:43 of 2nd period - Slapshot by Gabriel Carlsson.
9:43 of 2nd period - Stopped by Martin Jones without a rebound.
9:44 of 2nd period - Scott Reedy wins face-off versus Dylan Holloway in Tucson Roadrunners zone.
10:11 of 2nd period - Robert Hagg is hit by Gabriel Carlsson and loses puck.
10:59 of 2nd period - Wrist shot by Morgan Barron.
10:59 of 2nd period - Shot Misses the Net.
11:01 of 2nd period - Wrist shot by Joey Anderson.
11:01 of 2nd period - Deflect By Morgan Barron.
11:01 of 2nd period - Stopped by Martin Jones with a rebound.
11:07 of 2nd period - Wrist shot by Morgan Barron.
11:07 of 2nd period - Shot Misses the Net.
11:09 of 2nd period - Slapshot by Kale Clague.
11:09 of 2nd period - Stopped by Martin Jones without a rebound.
11:10 of 2nd period - Dylan Holloway wins face-off versus Matthew Highmore in Tucson Roadrunners zone.
11:10 of 2nd period - Dylan Holloway is hit by Simon Benoit.
12:02 of 2nd period - Backhand shot by Connor McMichael.
12:02 of 2nd period - Stopped by Martin Jones with a rebound.
12:20 of 2nd period - Wrist shot by Ben Jones.
12:20 of 2nd period - Stopped by Karel Vejmelka without a rebound.
12:21 of 2nd period - Mikhail Maltsev wins face-off versus Dylan Holloway in Edmonton Oil Kings zone.
12:22 of 2nd period - Wrist shot by Lukas Rousek.
12:22 of 2nd period - Stopped by Karel Vejmelka with a rebound.
12:27 of 2nd period - Brett Kulak is hit by Robert Hagg and loses puck.
12:42 of 2nd period - Minor Penalty to Carson Soucy for Holding Stick.
12:43 of 2nd period - Justin Danforth wins face-off versus Dawson Mercer in Tucson Roadrunners zone.
13:08 of 2nd period - Rocco Grimaldi is hit by Dylan Holloway and loses puck.
13:15 of 2nd period - Mark Pysyk is hit by Michal Kempny.
14:39 of 2nd period - Simon Benoit is hit by Mackenzie Entwistle and loses puck.
14:42 of 2nd period - Penalty to Carson Soucy is over, Carson Soucy is back on ice.
15:08 of 2nd period - Tyler Angle is hit by Simon Benoit and loses puck.
18:39 of 2nd period - Matthew Nieto is hit by Mackenzie Entwistle and loses puck.
19:49 of 2nd period - Johnathan Kovacevic is hit by Josh Mahura and loses puck.
Goals for this period are 0 for Tucson Roadrunners vs 0 for Edmonton Oil Kings.
Shots for this period are 7 for Tucson Roadrunners vs 18 for Edmonton Oil Kings.
3rd period
0:01 of 3rd period - Justin Danforth wins face-off versus Ryan McLeod in neutral zone.
0:08 of 3rd period - Snap shot by Rocco Grimaldi.
0:08 of 3rd period - Stopped by Karel Vejmelka with a rebound.
0:10 of 3rd period - Wrist shot by Justin Danforth.
0:10 of 3rd period - Shot Misses the Net.
0:11 of 3rd period - Minor Penalty to Robert Hagg for Slashing.
0:12 of 3rd period - Ryan McLeod wins face-off versus Justin Danforth in Tucson Roadrunners zone.
1:43 of 3rd period - Mark Pysyk is hit by Justin Danforth and loses puck.
1:53 of 3rd period - Icing by Dawson Mercer.
1:54 of 3rd period - Ryan McLeod wins face-off versus Matthew Nieto in Edmonton Oil Kings zone.
2:11 of 3rd period - Penalty to Robert Hagg is over, Robert Hagg is back on ice.
2:23 of 3rd period - Slapshot by Carson Soucy.
2:23 of 3rd period - Shot Blocked by Joey Anderson.
2:25 of 3rd period - Wrist shot by Lukas Rousek.
2:25 of 3rd period - Shot Blocked by Connor McMichael.
2:46 of 3rd period - Snap shot by Marian Studenic.
2:46 of 3rd period - Shot Blocked by Brett Kulak.
2:48 of 3rd period - Wrist shot by Matthew Highmore.
2:48 of 3rd period - Shot Blocked by Brett Kulak.
4:25 of 3rd period - Icing by Dawson Mercer.
4:26 of 3rd period - Justin Danforth wins face-off versus Morgan Barron in Edmonton Oil Kings zone.
4:27 of 3rd period - Slapshot by Rocco Grimaldi.
4:27 of 3rd period - Shot Misses the Net.
4:43 of 3rd period - Noah Gregor is hit by Nicolas Meloche and loses puck.
4:50 of 3rd period - Noah Gregor is hit by Nicolas Meloche and loses puck.
6:07 of 3rd period - Icing by Robert Hagg.
6:08 of 3rd period - Ryan McLeod wins face-off versus Scott Reedy in Tucson Roadrunners zone.
6:46 of 3rd period - Josh Mahura is hit by Matthew Nieto and loses puck.
7:38 of 3rd period - Matthew Nieto is hit by Dillon Dube and loses puck.
7:49 of 3rd period - Snap shot by Noah Gregor.
7:49 of 3rd period - Stopped by Martin Jones without a rebound.
7:50 of 3rd period - Dawson Mercer wins face-off versus Scott Reedy in Tucson Roadrunners zone.
7:51 of 3rd period - Slapshot by Filip Zadina.
7:51 of 3rd period - Shot Misses the Net.
7:53 of 3rd period - Wrist shot by Filip Zadina.
7:53 of 3rd period - Stopped by Martin Jones with a rebound.
7:55 of 3rd period - Snap shot by Brett Kulak.
7:55 of 3rd period - Deflect By Filip Zadina.
7:55 of 3rd period - Goal by Filip Zadina - Tucson Roadrunners : 0 - Edmonton Oil Kings : 3.
7:56 of 3rd period - Ryan McLeod wins face-off versus Scott Reedy in neutral zone.
7:56 of 3rd period - Dawson Mercer is hit by Scott Reedy.
9:10 of 3rd period - Snap shot by Dillon Dube.
9:10 of 3rd period - Stopped by Martin Jones with a rebound.
9:12 of 3rd period - Wrist shot by Dillon Dube.
9:12 of 3rd period - Goal by Dillon Dube - Tucson Roadrunners : 0 - Edmonton Oil Kings : 4.
9:13 of 3rd period - Ryan McLeod wins face-off versus Justin Danforth in neutral zone.
10:22 of 3rd period - Rocco Grimaldi is hit by Dylan Holloway and loses puck.
10:56 of 3rd period - Joey Anderson is hit by Andre Lee.
11:00 of 3rd period - Johnathan Kovacevic is hit by Joey Anderson and loses puck.
11:29 of 3rd period - Snap shot by Simon Benoit.
11:29 of 3rd period - Stopped by Karel Vejmelka with a rebound.
12:16 of 3rd period - Brett Kulak is hit by Robert Hagg and loses puck.
13:12 of 3rd period - Slapshot by Jack Johnson.
13:12 of 3rd period - Shot Blocked by Michal Kempny.
13:18 of 3rd period - Nikita Alexandrov is hit by Justin Danforth and loses puck.
13:51 of 3rd period - Ryan McLeod is hit by Carson Soucy and loses puck.
14:06 of 3rd period - Noah Gregor is hit by Lukas Rousek and loses puck.
14:40 of 3rd period - Matthew Nieto is hit by Mackenzie Entwistle and loses puck.
14:49 of 3rd period - Wrist shot by Mackenzie Entwistle.
14:49 of 3rd period - Stopped by Martin Jones without a rebound.
14:50 of 3rd period - Ryan McLeod wins face-off versus Scott Reedy in Tucson Roadrunners zone.
15:19 of 3rd period - Noah Gregor is hit by Ben Jones.
15:23 of 3rd period - Snap shot by Mikhail Maltsev.
15:23 of 3rd period - Stopped by Karel Vejmelka without a rebound.
15:24 of 3rd period - Scott Reedy wins face-off versus Dylan Holloway in Edmonton Oil Kings zone.
15:25 of 3rd period - Slapshot by Matthew Highmore.
15:25 of 3rd period - Goal by Matthew Highmore - Tucson Roadrunners : 1 - Edmonton Oil Kings : 4.
15:26 of 3rd period - Dawson Mercer wins face-off versus Matthew Nieto in neutral zone.
15:37 of 3rd period - Snap shot by Dawson Mercer.
15:37 of 3rd period - Deflect By Filip Zadina.
15:37 of 3rd period - Shot Misses the Net.
15:37 of 3rd period - Puck is out of play.
15:38 of 3rd period - Justin Danforth wins face-off versus Ryan McLeod in Tucson Roadrunners zone.
15:53 of 3rd period - Snap shot by Matthew Nieto.
15:53 of 3rd period - Shot Misses the Net.
16:03 of 3rd period - Dillon Dube is hit by Marian Studenic and loses puck.
16:10 of 3rd period - Slapshot by Matthew Highmore.
16:10 of 3rd period - Shot Misses the Net.
16:26 of 3rd period - Lukas Rousek is hit by Kale Clague and loses puck.
16:45 of 3rd period - Wrist shot by Rocco Grimaldi.
16:45 of 3rd period - Stopped by Karel Vejmelka without a rebound.
16:46 of 3rd period - Justin Danforth wins face-off versus Nikita Alexandrov in Edmonton Oil Kings zone.
16:47 of 3rd period - Slapshot by Rocco Grimaldi.
16:47 of 3rd period - Stopped by Karel Vejmelka with a rebound.
16:49 of 3rd period - Snap shot by Robert Hagg.
16:49 of 3rd period - Shot Blocked by Jack Johnson.
16:51 of 3rd period - Slapshot by Justin Danforth.
16:51 of 3rd period - Stopped by Karel Vejmelka without a rebound.
16:52 of 3rd period - Ryan McLeod wins face-off versus Justin Danforth in Edmonton Oil Kings zone.
16:52 of 3rd period - Ryan McLeod is hit by Carson Soucy.
17:22 of 3rd period - Wrist shot by Ben Jones.
17:22 of 3rd period - Shot Blocked by Gabriel Carlsson.
17:24 of 3rd period - Slapshot by Carson Soucy.
17:24 of 3rd period - Shot Blocked by Ryan McLeod.
17:26 of 3rd period - Snap shot by Lukas Rousek.
17:26 of 3rd period - Shot Blocked by Gabriel Carlsson.
17:28 of 3rd period - Wrist shot by Mikhail Maltsev.
17:28 of 3rd period - Shot Misses the Net.
17:30 of 3rd period - Slapshot by Lukas Rousek.
17:30 of 3rd period - Shot Misses the Net.
17:40 of 3rd period - Wrist shot by Scott Reedy.
17:40 of 3rd period - Shot Misses the Net.
17:42 of 3rd period - Snap shot by Matthew Highmore.
17:42 of 3rd period - Stopped by Karel Vejmelka with a rebound.
17:44 of 3rd period - Slapshot by Nicolas Meloche.
17:44 of 3rd period - Stopped by Karel Vejmelka without a rebound.
17:45 of 3rd period - Dylan Holloway wins face-off versus Scott Reedy in Edmonton Oil Kings zone.
17:51 of 3rd period - Icing by Noah Gregor.
17:52 of 3rd period - Justin Danforth wins face-off versus Dylan Holloway in Edmonton Oil Kings zone.
18:28 of 3rd period - Minor Penalty to Michal Kempny for Tripping.
18:29 of 3rd period - Justin Danforth wins face-off versus Ryan McLeod in Tucson Roadrunners zone.
19:08 of 3rd period - Slapshot by Joey Anderson.
19:08 of 3rd period - Shot Blocked by Matthew Nieto.
Goals for this period are 1 for Tucson Roadrunners vs 2 for Edmonton Oil Kings.
Shots for this period are 9 for Tucson Roadrunners vs 6 for Edmonton Oil Kings.
Back to the Top